 Dungeon Crawl Stone Soup version 0.31-a0-833-gc15d34cb79 (webtiles) character file.

Game seed: 15078133487397162721

388590 Maratek the Axe Maniac (level 22, -4/233 HPs)
             Began as a Minotaur Fighter on Sept 25, 2023.
             Was the Champion of Trog.
             Slain by a vault guard
             ... wielding a +2 glaive
              (6 damage)
             ... on level 5 of the Vaults.
             The game lasted 02:13:20 (48983 turns).

Maratek the Axe Maniac (Minotaur Fighter)          Turns: 48983, Time: 02:13:21

Health: -4/233     AC: 48    Str: 41    XL:     22   Next: 5%
Magic:  21/21      EV: 12    Int: 16    God:    Trog [******]
Gold:   5254       SH:  0    Dex: 13    Spells: 21/21 levels left

rFire   + + +        B - +9 battleaxe "Haarph" {heavy, rF+ Stlth+}
rCold   x . .        (shield currently unavailable)
rNeg    + + +        u - +8 orange crystal plate armour {Archmagi, Int+3 Clar}
rPois   .            b - +1 hat "Juzxest" {*Corrode Str+6 Int+5}
rElec   .            k - scarf "Arrapt" {repulsion, Rampage Int+3 SInv}
rCorr   .            F - +3 pair of gloves of Biefolee {Dex+3}
SInv    +            T - +2 pair of boots {rampage}
Will    ++...        D - amulet of regeneration Stlth
                     Z - ring "Zoohir" {rF++ rC- rN+++ Will+}
HPRegen 1.38/turn    y - ring of Osonk {Str+3 SInv}
MPRegen 0.17/turn

%: corrode self (3%), repel missiles, clarity, rampage, archmagi
@: about to teleport, marked
A: horns 2, retaliatory headbutt, hooves 2
}: 2/15 runes: serpentine, barnacled
a: Renounce Religion, Berserk, Trog's Hand, Brothers in Arms


You were on level 5 of the Vaults.
You worshipped Trog.
Trog was exalted by your worship.
You visited 8 branches of the dungeon, and saw 39 of its levels.
You visited the Abyss 2 times.
You also visited: Ice Cave.

You collected 5390 gold pieces.
You spent 136 gold pieces at shops.

Inventory:

Hand Weapons
 B - the +9 battleaxe "Haarph" (weapon) {heavy, rF+ Stlth+}
   (Trog gifted it to you on level 2 of the Elven Halls)

   rF+:       It protects you from fire.
   Stlth+:    It makes you more stealthy.
Missiles
 j - a throwing net
Armour
 b - the +1 hat "Juzxest" (worn) {*Corrode Str+6 Int+5}
   (You acquired it on level 4 of the Dungeon)

   Str+6:     It affects your strength (+6).
   Int+5:     It affects your intelligence (+5).
   *Corrode:  It may corrode you when you take damage.
 k - the scarf "Arrapt" (worn) {repulsion, Rampage Int+3 SInv}
   (You found it on level 2 of the Shoals)

   Int+3:     It affects your intelligence (+3).
   SInv:      It lets you see invisible.
   Rampage:   It bestows one free step when moving towards enemies.
 u - the +8 orange crystal plate armour (worn) {Archmagi, Int+3 Clar}
   (You acquired it on level 4 of the Dungeon)

   Int+3:     It affects your intelligence (+3).
   Clar:      It protects you from confusion, rage, mesmerisation and fear.
 F - the +3 pair of gloves of Biefolee (worn) {Dex+3}
   (You found it on level 4 of the Shoals)

   Dex+3:     It affects your dexterity (+3).
 Q - the +4 tower shield of the Dragon {rF+ rC+}
   (You took it off a deep elf high priest on level 3 of the Elven Halls)

   rF+:       It protects you from fire.
   rC+:       It protects you from cold.
 T - a +2 pair of boots of rampaging (worn)
Jewellery
 f - an amulet of magic regeneration
 n - the ring "Juumietu" {rPois Int-4 Dex+5 SInv}
   (You took it off a deep elf high priest on level 4 of the Vaults)

   [ring of see invisible]

   Int-4:     It affects your intelligence (-4).
   Dex+5:     It affects your dexterity (+5).
   rPois:     It protects you from poison SInv: It lets you see invisible.
 y - the ring of Osonk (right hand) {Str+3 SInv}
   (You found it on level 5 of the Lair of Beasts)

   [ring of see invisible]

   Str+3:     It affects your strength (+3).
   SInv:      It lets you see invisible.
 D - an amulet of regeneration (around neck)
 O - the ring of the Traitor {Will+ MP+9 Str-3 Dex+8}
   (You took it off a deep elf demonologist on level 3 of the Elven Halls)

   [ring of magical power]

   Str-3:     It affects your strength (-3).
   Dex+8:     It affects your dexterity (+8).
   Will+:     It increases your willpower.
   MP+9:      It affects your magic capacity (+9).
 Y - the ring "Biot" {AC+4 Int+2}
   (You found it on level 3 of the Vaults)

   [ring of protection]

   AC+4:      It affects your AC (+4).
   Int+2:     It affects your intelligence (+2).
 Z - the ring "Zoohir" (left hand) {rF++ rC- rN+++ Will+}
   (You found it on level 3 of the Vaults)

   [ring of willpower]

   rF++:      It greatly protects you from fire.
   rC-:       It makes you vulnerable to cold.
   rN+++:     It renders you almost immune to negative energy.
   Will+:     It increases your willpower.
Wands
 c - a wand of flame (70)
 l - a wand of charming (49)
 v - a wand of light (38)
 w - a wand of polymorph (24)
 x - a wand of digging (9)
 C - a wand of roots (24)
Scrolls
 e - 15 scrolls of teleportation
 g - 16 scrolls of identify
 i - 6 scrolls of fog
 m - 2 scrolls of poison
 G - 4 scrolls of fear
 L - 4 scrolls of silence
 M - 8 scrolls of revelation
 N - a scroll of enchant armour
 R - 2 scrolls of enchant weapon
 U - 3 scrolls of immolation
Potions
 d - 12 potions of might
 h - 8 potions of lignification
 o - 9 potions of enlightenment
 p - 3 potions of brilliance
 q - a potion of ambrosia
 z - 3 potions of invisibility
 A - 3 potions of haste
 I - 7 potions of mutation
 K - 2 potions of curing
 S - 2 potions of attraction
 V - a potion of resistance
 X - 2 potions of heal wounds
Miscellaneous
 a - a phial of floods (inert)
 J - a phantom mirror


   Skills:
 O Level 27 Fighting
 O Level 27 Axes
 + Level 24.9 Armour
 * Level 8.0 Dodging
 * Level 7.8 Stealth
 + Level 6.7 Shields
 + Level 1.6 Evocations


You had 21 spell levels left.
You didn't know any spells.
Your spell library was empty.

Dungeon Overview and Level Annotations

Branches:
Dungeon (15/15)            Temple (1/1) D:4            Lair (5/5) D:10
 Shoals (4/4) Lair:3        Snake (4/4) Lair:2          Orc (2/2) D:10
    Elf (3/3) Orc:2        Vaults (5/5) D:13          Crypt (0/3) Vaults:3
 Depths (0/4) D:15          IceCv (visited)
  Slime: Lair:4-5

Altars:
Ashenzari
Cheibriados
Dithmenos
Elyvilon
Fedhas
Gozag
Hepliaklqana
Kikubaaqudgha
Makhleb
Nemelex Xobeh
Okawaru
Qazlal
Ru
Sif Muna
Trog
Uskayaw
Vehumet
Wu Jian
Xom
Yredelemnul
Zin
The Shining One

Shops:
D:4 :   D:11 (   Orc:2 ?:([   Elf:3 *   Shoals:4 [   Snake:3 (*![   Vaults:1 *
Vaults:2 =

Annotations:
D:15 exclusion: statue
Lair:5 exclusion: 2 oklob plants
Shoals:1 Roxanne
Orc:2 2 transporters, Tungsten's ghost, journeyman MeVM


Innate Abilities, Weirdness & Mutations

You have a pair of horns on your head.
You reflexively headbutt those who attack you in melee.
You have hoof-like feet.


Message History

The phantasmal warrior barely misses you.
You furiously retaliate!
You headbutt the phantasmal warrior!!
You destroy the phantasmal warrior!
Trog accepts your kill.
The vault sentinel points at you and mumbles some strange words.
The mark upon you grows brighter.
The hell knight hits you from afar with a +1 halberd of flaming.
* * * LOW HITPOINT WARNING * * *
A tengu reaver comes into view.
It is wielding a +0 battleaxe and wearing a +2 scale mail of fire resistance.
As you read the scroll of teleportation, it crumbles to dust.
You feel strangely unstable.
The runic seals fade away.
The hell knight hits you from afar with a +1 halberd of flaming!
* * * LOW HITPOINT WARNING * * *
The hell knight burns you.
* * * LOW HITPOINT WARNING * * *
The vault warden hits you but does no damage.
The vault guard hits you but does no damage.
The tengu reaver hits you but does no damage.
The tengu reaver pecks you but does no damage.
The tengu reaver claws you but does no damage.
You feel better.
The hell knight hits you but does no damage.
The vault warden hits you from afar with a +4 vampiric halberd!!
* * * LOW HITPOINT WARNING * * *
The vault guard closely misses you.
The vault sentinel hits you but does no damage.
The hell knight hits you but does no damage.
The storm dragon bites you!
* * * LOW HITPOINT WARNING * * *
The storm dragon claws you but does no damage.
The storm dragon tramples you but does no damage.
The tengu reaver gestures at you while chanting.
The bolt of fire hits you but does no damage.
You feel better. The hell knight barely misses you.
The vault sentinel hits you with a +0 morningstar!
* * * LOW HITPOINT WARNING * * *
The vault warden hits you from afar with a +4 vampiric halberd!
* * * LOW HITPOINT WARNING * * *
The vault guard hits you from afar with a +2 glaive.
You die...

#....# p## #....#
### #.. #....# ....
.p###....#.....
#..#....#.....
#pp...........
########Q....[..####
.....p.@pp[<<.......
.......D(.<)[<......
.........p[<<.......
....................
########........####
............
....#....#....
##..#....#....
#..#....# ..


You could see a storm dragon, a vault warden, a tengu reaver, a vault guard, 2
hell knights and a vault sentinel.

Vanquished Creatures
  A dread lich (Vaults:2)
  Xtahua (Vaults:4)
  Margery (Vaults:5)
  Frederick (Vaults:2)
  Saint Roka (Snake:4)
  A profane servitor (Abyss:2)
  Nikola (Shoals:1)
  Norris (Vaults:1)
  2 bone dragons (Abyss:2)
  A tentacled monstrosity (Vaults:3)
  Mlioglotl (Snake:4)
  A quicksilver dragon (Vaults:5)
  2 deep elf blademasters (Elf:3)
  Asterion (Elf:2)
  2 deep elf master archers (Elf:3)
  Frances (Elf:1)
  5 tentacled starspawn (Abyss:2)
  An Executioner (Abyss:2)
  6 sphinxes
  A kraken (Shoals:3)
  2 tengu reavers
  Aizul (Snake:1)
  Kirke (Elf:1)
  A storm dragon (Vaults:4)
  2 shadow dragons (Vaults:5)
  17 nagarajas (Snake:4)
  2 fire giants (Vaults:1)
  16 vault wardens
  3 frost giants
  6 deep elf sorcerers
  2 deep elf elementalists (Elf:3)
  A draconian shifter (Abyss:2)
  16 ironbound preservers
  A reaper (Abyss:2)
  4 very ugly things
  3 stone giants
  2 formless jellyfish
  7 ironbound thunderhulks
  6 deep elf demonologists
  A red draconian (Abyss:2)
  10 dire elephants (Vaults:2)
  5 deep elf annihilators (Elf:3)
  Snorg (D:14)
  7 deep elf death magi (Elf:3)
  12 merfolk impalers
  Josephine (Lair:4)
  A crystal guardian (Vaults:4)
  3 ettins
  3 merfolk javelineers
  2 entropy weavers
  A spriggan zombie (Abyss:2)
  14 yaktaur captains
  4 deep elf high priests
  2 fire dragons
  2 great orbs of eyes
  A peacekeeper (Vaults:4)
  10 hydras
  A rakshasa (Abyss:2)
  A salamander tyrant (Snake:4)
  27 vault guards
  3 ogre magi
  10 anacondas
  2 catoblepae (Lair:5)
  2 merfolk avatars (Shoals:2)
  A boulder beetle (D:15)
  An alligator snapping turtle (Shoals:1)
  8 centaur warriors
  A death knight (D:15)
  3 satyrs
  6 merfolk aquamancers
  12 two-headed ogres
  20 naga warriors
  26 dancing weapons
  A tengu warrior (D:10)
  5 ironbound frosthearts
  Urug (D:12)
  A deep troll earth mage (D:15)
  2 orc high priests (Orc:2)
  2 hell knights (Vaults:5)
  A shock serpent (shapeshifter) (D:15)
  8 death yaks (Lair:5)
  8 shock serpents
  A thrashing horror (Abyss:2)
  9 naga sharpshooters
  A wretched star (Abyss:2)
  Nergalle (Orc:1)
  A soul eater (D:14)
  16 deep elf knights
  3 salamander mystics
  2 sixfirhies (Abyss:2)
  A sun demon (D:14)
  5 skysharks
  9 skeletal warriors
  A kraken simulacrum (Shoals:4)
  A swamp dragon (Lair:5)
  10 sea snakes
  3 deep elf archers (Elf:2)
  21 deep trolls
  3 wizards
  5 naga ritualists
  7 lindwurms
  4 glowing orange brains
  2 starcursed masses (Abyss:2)
  17 harpies
  A steelbarb worm (shapeshifter) (Vaults:5)
  17 ironbound convokers
  2 orc knights
  2 necromancers
  2 phantasmal warriors
  17 deep elf zephyrmancers
  6 orc sorcerers
  11 fauns
  11 manticores
  7 mana vipers
  25 deep elf pyromancers
  5 cyclopes
  15 ugly things
  9 salamanders
  14 naga magi
  19 vault sentinels
  A rust devil (D:14)
  25 black mambas
  Joseph (D:7)
  7 merfolk sirens
  10 elephants (Lair:5)
  A fire giant skeleton (Vaults:3)
  5 water nymphs
  4 guardian serpents
  11 cane toads
  2 torpor snails
  4 smoke demons
  An elf zombie (Vaults:1)
  2 unseen horrors
  2 orange demons (D:14)
  12 komodo dragons
  3 freezing wraiths
  3 efreet
  An unseen horror (shapeshifter) (D:14)
  4 rime drakes
  15 yaktaurs
  3 ice devils (D:14)
  5 ancient zymes (Abyss:2)
  A tengu conjurer (D:14)
  A red devil (D:14)
  6 trolls
  19 merfolk
  2 polar bears
  9 meliai
  5 wind drakes
  A hornet (D:9)
  A wind drake (shapeshifter) (D:14)
  9 blink frogs
  8 snapping turtles
  A snapping turtle (shapeshifter) (Vaults:1)
  6 dream sheep
  A fire giant simulacrum (Vaults:1)
  A frost giant simulacrum (Vaults:1)
  6 raiju (Abyss:2)
  38 slime creatures
  2 shadows
  A centaur simulacrum (D:11)
  A deep troll skeleton (Vaults:3)
  5 wyverns
  A vampire (D:12)
  A culicivora (shapeshifter) (D:14)
  An air elemental (Elf:3)
  2 ynoxinuls
  An ettin skeleton (Vaults:3)
  15 water elementals
  67 yaks
  5 wraiths
  2 fire elementals
  6 vampire mosquitoes
  5 basilisks
  A neqoxec (D:14)
  A death yak simulacrum (Lair:1)
  2 hogs
  3 redbacks
  4 steam dragons
  A chaos spawn (Abyss:2)
  3 elf skeletons (Vaults:3)
  3 wargs
  Edmund (D:5)
  5 large abominations (Abyss:2)
  53 nagas
  An acid dragon (Lair:5)
  13 water moccasins
  3 glowing shapeshifter skeletons (Vaults:3)
  A sky beast (Abyss:2)
  A swamp drake (Orc:1)
  24 orc warriors
  2 black bears
  3 great orb of eyes simulacra (IceCv)
  15 ogres
  5 wolves (Lair:5)
  3 boggarts (Vaults:2)
  11 centaurs
  3 phantoms
  4 slime creature simulacra (IceCv)
  A gnoll sergeant (D:11)
  8 bullfrogs
  A kobold brigand (D:7)
  5 scorpions
  2 earth elementals (Elf:1)
  2 glowing shapeshifter simulacra (IceCv)
  A cane toad simulacrum (Lair:1)
  8 wights
  An elephant simulacrum (Lair:1)
  6 killer bees (D:10)
  A howler monkey (D:6)
  6 electric eels (D:10)
  2 crimson imps
  8 small abominations (Abyss:2)
  16 orc priests
  3 jellies
  An iron imp (Orc:1)
  14 human skeletons
  6 iguanas
  47 orc wizards
  2 sleepcaps
  A hell rat (Lair:5)
  A shapeshifter simulacrum (IceCv)
  14 gnolls
  8 adders
  2 shadow imps
  5 white imps
  4 worms
  2 dart slugs (D:1)
  72 orcs
  12 bats
  4 endoplasms
  4 giant cockroaches
  6 goblins
  3 hobgoblins
  4 jackals (D:1)
  11 kobolds
  2 quokkas
  8 ball pythons
  2 frilled lizards
  3 rats
  2 lurking horrors (Abyss:2)
  3 spectral weapons (Elf:3)
  9 starspawn tentacles (Abyss:2)
  A tentacle (Shoals:4)
1486 creatures vanquished.

Vanquished Creatures (collateral kills)
  Jorgrun (Orc:1)
  A sphinx (Vaults:4)
  A deep elf elementalist (Elf:3)
  A vault warden (Vaults:3)
  An ironbound preserver (Vaults:3)
  An ironbound thunderhulk (Vaults:4)
  A deep elf demonologist (Elf:3)
  3 merfolk impalers
  A two-headed ogre (D:15)
  3 deep trolls
  2 deep elf zephyrmancers (Elf:1)
  An ironbound convoker (Vaults:3)
  2 deep elf pyromancers (Elf:1)
  2 orc sorcerers (Orc:2)
  A salamander (Snake:4)
  A vault sentinel (Vaults:4)
  A yaktaur (Vaults:3)
  2 merfolk (Shoals:3)
  2 meliai (D:14)
  A snapping turtle (Shoals:4)
  3 nagas
  3 orc warriors
  3 orc priests (Orc:2)
  2 orc wizards (Orc:2)
  3 orcs
43 creatures vanquished.

Vanquished Creatures (others)
  A naga warrior (Snake:4)
  A raiju (Abyss:2)
  2 humans (Elf:1)
  A basilisk (Lair:5)
  A swamp drake (Lair:5)
  An iguana (Lair:5)
  An orc wizard (Orc:2)
  An orc (Orc:2)
  8 starspawn tentacles (Abyss:2)
  7 tentacles
24 creatures vanquished.

Grand Total: 1553 creatures vanquished

Notes
Turn   | Place    | Note
-------+----------+-------------------------------------------
     0 | D:1      | Maratek the Minotaur Fighter began the quest for the Orb.
     0 | D:1      | Reached XP level 1. HP: 19/19 MP: 0/0
   110 | D:1      | Reached XP level 2. HP: 27/27 MP: 1/1
   141 | D:1      | Found a faded altar of an unknown god.
   396 | D:1      | Reached XP level 3. HP: 33/33 MP: 2/2
  1245 | D:2      | Reached XP level 4. HP: 36/40 MP: 3/3
  2178 | D:4      | Noticed a scorpion
  2189 | D:4      | Killed a scorpion
  2190 | D:4      | Reached XP level 5. HP: 43/47 MP: 4/4
  2224 | D:4      | Reached skill level 5 in Axes
  2445 | D:4      | Found a staircase to the Ecumenical Temple.
  2486 | Temple   | Entered the Ecumenical Temple
  2502 | Temple   | Became a worshipper of Trog the Wrathful
  2597 | D:4      | Reached skill level 5 in Armour
  2673 | D:4      | Reached XP level 6. HP: 53/53 MP: 5/5
  2919 | D:4      | Found Yma Neost's Book Emporium.
  3022 | D:4      | Identified 2 scrolls of acquirement
  3023 | D:4      | Acquired the +8 orange crystal plate armour {Archmagi,
                  | Int+3 Clar}
  3023 | D:4      | Found the +8 orange crystal plate armour {Archmagi, Int+3
                  | Clar}
  3024 | D:4      | Acquired the +1 hat "Juzxest" {*Corrode Str+6 Int+5}
  3326 | D:5      | Entered Level 5 of the Dungeon
  3349 | D:5      | Noticed Edmund
  3364 | D:5      | Killed Edmund
  3385 | D:5      | Reached XP level 7. HP: 49/60 MP: 6/6
  3448 | D:5      | Reached * piety under Trog
  3454 | D:5      | Reached skill level 5 in Shields
  3643 | D:5      | Reached skill level 5 in Fighting
  3890 | D:5      | Reached XP level 8. HP: 54/68 MP: 7/7
  4095 | D:5      | Reached ** piety under Trog
  4112 | D:5      | Found a blossoming altar of Fedhas.
  4641 | D:6      | Reached skill level 10 in Axes
  5181 | D:6      | Reached XP level 9. HP: 75/78 MP: 8/8
  5464 | D:7      | Noticed Joseph
  5482 | D:7      | Killed Joseph
  6327 | D:7      | Found an opulent altar of Gozag.
  6327 | D:7      | Found a sparkling altar of Nemelex Xobeh.
  6480 | D:8      | Found a hide-covered altar of Uskayaw.
  6533 | D:8      | Identified the +0 helmet of Biyfac {Regen+ MP+9 Str-5
                  | Dex+8}
  6840 | D:8      | Noticed a two-headed ogre
  6849 | D:8      | Killed a two-headed ogre
  7130 | D:9      | Noticed a two-headed ogre
  7146 | D:9      | Killed a two-headed ogre
  7147 | D:9      | Reached XP level 10. HP: 31/88 MP: 9/9
  7931 | D:9      | Reached *** piety under Trog
  8156 | D:10     | Entered Level 10 of the Dungeon
  8167 | D:10     | Reached skill level 10 in Armour
  8399 | D:10     | Found a staircase to the Orcish Mines.
  8500 | D:10     | Found a staircase to the Lair.
  8642 | D:10     | Reached XP level 11. HP: 84/95 MP: 10/10
  8643 | D:10     | Reached skill level 15 in Axes
  8824 | D:10     | Found a radiant altar of Vehumet.
  9147 | D:10     | Reached **** piety under Trog
  9160 | D:10     | Noticed a tengu warrior
  9170 | D:10     | Killed a tengu warrior
  9585 | D:10     | Found a snail-covered altar of Cheibriados.
  9764 | D:11     | Identified the +1 war axe "Fosang" {antimagic, rPois Dex+4}
 10113 | D:11     | Found Ceanwoty's Antique Weapon Emporium.
 10150 | D:11     | Noticed a two-headed ogre
 10157 | D:11     | Killed a two-headed ogre
 10209 | D:11     | Noticed a two-headed ogre
 10214 | D:11     | Killed a two-headed ogre
 10520 | D:11     | Noticed a skeletal warrior
 10527 | D:11     | Killed a skeletal warrior
 10541 | D:11     | Noticed a deep elf pyromancer
 10551 | D:11     | Killed a deep elf pyromancer
 10792 | D:12     | Noticed Urug
 10802 | D:12     | Killed Urug
 11182 | D:12     | Reached skill level 10 in Fighting
 11509 | D:12     | Reached XP level 12. HP: 106/106 MP: 11/11
 11654 | D:13     | Noticed a five-headed hydra
 11658 | D:13     | Killed a seven-headed hydra
 11697 | D:13     | Noticed a centaur warrior
 11700 | D:13     | Noticed a centaur warrior
 11712 | D:13     | Noticed a two-headed ogre
 12038 | Lair:1   | Entered Level 1 of the Lair of Beasts
 12220 | Lair:1   | Found a frozen archway.
 12684 | IceCv    | Entered an ice cave
 13067 | Lair:2   | Reached ***** piety under Trog
 13070 | Lair:2   | Found a staircase to the Snake Pit.
 14104 | Lair:3   | Noticed a six-headed hydra
 14115 | Lair:3   | Killed an 11-headed hydra
 14174 | Lair:3   | Reached XP level 13. HP: 110/117 MP: 12/12
 14300 | Lair:3   | Found the +8 autumn katana {manifold assault}
 14427 | Lair:3   | Found a staircase to the Shoals.
 15277 | Lair:4   | Received a gift from Trog
 15742 | Lair:4   | Noticed Josephine
 15746 | Lair:4   | Killed Josephine
 16036 | Lair:5   | Entered Level 5 of the Lair of Beasts
 16150 | Lair:5   | Noticed a fire dragon
 16351 | Lair:5   | Reached skill level 1 in Stealth
 16527 | Lair:5   | Reached XP level 14. HP: 132/132 MP: 13/13
 17055 | Lair:5   | Gained mutation: You have large cloven feet. [potion of
                  | mutation]
 17055 | Lair:5   | Gained mutation: You have hoof-like feet. [potion of
                  | mutation]
 17710 | Orc:1    | Entered Level 1 of the Orcish Mines
 17736 | Orc:1    | Received a gift from Trog
 18074 | Orc:1    | Noticed Jorgrun
 18087 | Orc:1    | Killed Jorgrun
 18088 | Orc:1    | Reached skill level 15 in Armour
 18237 | Orc:1    | Noticed Nergalle
 18249 | Orc:1    | Killed Nergalle
 18250 | Orc:1    | Reached skill level 15 in Fighting
 18370 | Orc:1    | Identified the +0 hat of Past Mistakes {rElec rF+ rC+
                  | Str+4}
 18371 | Orc:1    | Identified the +1 robe of the Boiling Point {Drain rPois
                  | rC- Str+6}
 18487 | Orc:2    | Entered Level 2 of the Orcish Mines
 18554 | Orc:2    | Found a staircase to the Elven Halls.
 18589 | Orc:2    | Noticed Tungsten's ghost (journeyman MeVM)
 18589 | Orc:2    | Found a transporter.
 18590 | Orc:2    | Identified the +8 great mace of Linearity {antimagic, rC+}
 18590 | Orc:2    | Identified the +5 giant club "Jopoowk" {freeze, rC+}
 18869 | Orc:2    | Paralysed by an orc sorcerer for 4 turns
 19012 | Orc:2    | Reached ****** piety under Trog
 19204 | Orc:2    | Paralysed by an orc sorcerer for 4 turns
 19314 | Orc:2    | Found Xialu's Weapon Shoppe.
 19314 | Orc:2    | Found Xuriyptesh's Magic Scroll Emporium.
 19316 | Orc:2    | Found Foazik's Book Emporium.
 19323 | Orc:2    | Found Wehuc's Armour Shoppe.
 19514 | Orc:2    | Received a gift from Trog
 20178 | D:13     | Identified the +5 short sword "Ycytol" {freeze, rN+}
 20526 | D:13     | Found a gate to the Vaults.
 20629 | D:13     | Reached XP level 15. HP: 87/144 MP: 14/14
 21090 | D:14     | Noticed Snorg
 21104 | D:14     | Killed Snorg
 21644 | D:15     | Entered Level 15 of the Dungeon
 21704 | D:15     | Paralysed by something for 5 turns
 21722 | D:15     | Identified the +4 dagger of Gravity {heavy, Contam Fly rF+}
                  | (Trog gifted it to you on level 15 of the Dungeon)
 21722 | D:15     | Received a gift from Trog
 22426 | D:15     | Found a staircase to the Depths.
 22610 | D:15     | Found a radiant altar of Vehumet.
 23284 | Lair:5   | Identified the ring of Osonk {Str+3 SInv}
 23437 | Lair:5   | Reached XP level 16. HP: 109/157 MP: 15/15
 23989 | Snake:1  | Entered Level 1 of the Snake Pit
 24044 | Snake:1  | Noticed Aizul
 24053 | Snake:1  | Killed Aizul
 25139 | Snake:2  | Received a gift from Trog
 27799 | Snake:3  | Found Tailug's Antique Armour Shop.
 27799 | Snake:3  | Found Jiemod's Weapon Boutique.
 27800 | Snake:3  | Found Xaomapl Gova's Distillery.
 27802 | Snake:3  | Found Xiotemus's Assorted Antiques.
 28421 | Snake:3  | Received a gift from Trog
 28801 | Snake:4  | Entered Level 4 of the Snake Pit
 28801 | Snake:4  | Noticed Saint Roka
 28987 | Snake:4  | Killed Saint Roka
 29083 | Snake:4  | Noticed Mlioglotl
 29262 | Snake:4  | Killed Mlioglotl
 29263 | Snake:4  | Reached XP level 17. HP: 128/168 MP: 16/16
 29533 | Snake:4  | Found a glowing golden altar of the Shining One.
 30736 | Snake:4  | Received a gift from Trog
 31585 | Snake:4  | Got a serpentine rune of Zot
 32169 | Shoals:1 | Entered Level 1 of the Shoals
 32179 | Shoals:1 | Noticed Nikola
 32189 | Shoals:1 | Killed Nikola
 33156 | Shoals:1 | Noticed Roxanne
 33441 | Shoals:2 | Received a gift from Trog
 33657 | Shoals:2 | Identified the scarf "Arrapt" {repulsion, Rampage Int+3
                  | SInv}
 33714 | Shoals:2 | Reached XP level 18. HP: 180/180 MP: 17/17
 34713 | Shoals:4 | Entered Level 4 of the Shoals
 35014 | Shoals:4 | Identified the +3 pair of gloves of Biefolee {Dex+3}
 35094 | Shoals:4 | Identified the +10 war axe of the Beast {antimagic, Str+2}
                  | (Trog gifted it to you on level 4 of the Shoals)
 35094 | Shoals:4 | Received a gift from Trog
 35131 | Shoals:4 | HP: 2/182 [drowned by a drowned soul[a merfolk avatar]
                  | (17)]
 35365 | Shoals:4 | Found Goelotec's Antique Armour Emporium.
 35608 | Shoals:4 | Reached skill level 1 in Evocations
 36236 | Shoals:4 | Got a barnacled rune of Zot
 36690 | Elf:1    | Entered Level 1 of the Elven Halls
 36690 | Elf:1    | Noticed Kirke
 36718 | Elf:1    | Killed Kirke
 36910 | Elf:1    | Noticed Frances
 36915 | Elf:1    | Received a gift from Trog
 36923 | Elf:1    | Killed Frances
 37727 | Elf:2    | Identified the +9 battleaxe "Haarph" {heavy, rF+ Stlth+}
                  | (Trog gifted it to you on level 2 of the Elven Halls)
 37727 | Elf:2    | Received a gift from Trog
 37780 | Elf:2    | Noticed Asterion
 37785 | Elf:2    | Killed Asterion
 37788 | Elf:2    | Reached XP level 19. HP: 187/192 MP: 18/18
 37872 | Elf:2    | Found a runed translucent gate.
 37872 | Elf:2    | Found a runed translucent gate.
 37872 | Elf:2    | Found a runed translucent gate.
 38725 | Elf:3    | Entered Level 3 of the Elven Halls
 38730 | Elf:3    | Found Saetezir's General Store.
 38833 | Elf:3    | Paralysed by an air elemental for 1 turns
 39142 | Elf:3    | Received a gift from Trog
 39291 | Abyss:2  | Cast into level 2 of the Abyss (a deep elf demonologist)
 39439 | Abyss:2  | Found a corrupted altar of Lugonu.
 39471 | Abyss:2  | Found a corrupted altar of Lugonu.
 39676 | Elf:3    | Escaped the Abyss
 40143 | Elf:3    | Received a gift from Trog
 40334 | Elf:3    | Identified the ring of the Traitor {Will+ MP+9 Str-3 Dex+8}
 40338 | Elf:3    | Identified the +10 short sword of Fufirgh {antimagic,
                  | Dex+2}
 40338 | Abyss:2  | Cast into level 2 of the Abyss (a deep elf demonologist)
 40363 | Abyss:2  | Noticed a profane servitor
 40373 | Abyss:2  | Killed a profane servitor
 40459 | Abyss:2  | Noticed a bone dragon
 40461 | Abyss:2  | Killed a bone dragon
 40469 | Abyss:2  | Found a corrupted altar of Lugonu.
 40570 | Abyss:2  | Found a corrupted altar of Lugonu.
 40610 | Abyss:2  | Noticed a bone dragon
 40611 | Abyss:2  | Found a corrupted altar of Lugonu.
 40618 | Abyss:2  | Killed a bone dragon
 40618 | Abyss:2  | Received a gift from Trog
 40688 | Abyss:2  | Reached XP level 20. HP: 174/205 MP: 19/19
 40705 | Elf:3    | Escaped the Abyss
 40722 | Elf:3    | Reached skill level 27 in Axes
 40748 | Elf:3    | Identified the +9 broad axe "Vikhluvo" {spect, Str+5}
 40748 | Elf:3    | Identified the +4 tower shield of the Dragon {rF+ rC+}
 41066 | Elf:3    | Identified the +1 orcbow of Chance {flame, Will++}
 41511 | Orc:2    | Found a transporter.
 41876 | Vaults:1 | Entered Level 1 of the Vaults
 41962 | Vaults:1 | Found a huge runed gate.
 41962 | Vaults:1 | Found a huge runed gate.
 41962 | Vaults:1 | Found a huge runed gate.
 41962 | Vaults:1 | Found a huge runed gate.
 41962 | Vaults:1 | Found a huge runed gate.
 41962 | Vaults:1 | Found a huge runed gate.
 41962 | Vaults:1 | Found a huge runed gate.
 41963 | Vaults:1 | Found a huge runed gate.
 41963 | Vaults:1 | Found a huge runed gate.
 41963 | Vaults:1 | Found a huge runed gate.
 41964 | Vaults:1 | Found a huge runed gate.
 41964 | Vaults:1 | Found a huge runed gate.
 41965 | Vaults:1 | Found a huge runed gate.
 41966 | Vaults:1 | Found a huge runed gate.
 41967 | Vaults:1 | Found a huge runed gate.
 41975 | Vaults:1 | Found a huge runed gate.
 41975 | Vaults:1 | Found a huge runed gate.
 41975 | Vaults:1 | Found a huge runed gate.
 41975 | Vaults:1 | Found a huge runed gate.
 41975 | Vaults:1 | Found a huge runed gate.
 41975 | Vaults:1 | Found a huge runed gate.
 41977 | Vaults:1 | Found a huge runed gate.
 41978 | Vaults:1 | Found a huge runed gate.
 41979 | Vaults:1 | Found a huge runed gate.
 42000 | Vaults:1 | Reached skill level 1 in Dodging
 42023 | Vaults:1 | Found a huge runed gate.
 42023 | Vaults:1 | Found a huge runed gate.
 42023 | Vaults:1 | Found a huge runed gate.
 42023 | Vaults:1 | Found a huge runed gate.
 42023 | Vaults:1 | Found a huge runed gate.
 42023 | Vaults:1 | Found a huge runed gate.
 42024 | Vaults:1 | Found a huge runed gate.
 42025 | Vaults:1 | Found a huge runed gate.
 42026 | Vaults:1 | Found a huge runed gate.
 42034 | Vaults:1 | Found a huge runed gate.
 42034 | Vaults:1 | Found a huge runed gate.
 42034 | Vaults:1 | Found a huge runed gate.
 42095 | Vaults:1 | Found Udeit's Assorted Antiques.
 42108 | Vaults:1 | Bought a silvery potion for 31 gold pieces
 42108 | Vaults:1 | Bought a potion of curing for 105 gold pieces
 42110 | Vaults:1 | Acquired 626 gold pieces
 42316 | Vaults:1 | Noticed Norris
 42327 | Vaults:1 | Killed Norris
 42829 | Vaults:1 | Paralysed by a sphinx for 3 turns
 42833 | Vaults:1 | Received a gift from Trog
 43084 | Vaults:1 | Identified the +6 rapier of False Accusations {flame,
                  | Stlth+}
 43507 | Vaults:2 | Noticed Frederick
 43513 | Vaults:2 | Killed Frederick
 43515 | Vaults:2 | Identified the +0 chain mail "Jiogrus" {rN++}
 43597 | Vaults:2 | Identified the +12 flail of Indomitability {spect, Str+3}
 43618 | Vaults:2 | Found Refit's Jewellery Emporium.
 43663 | Vaults:2 | Noticed a dread lich
 43670 | Vaults:2 | Killed a dread lich
 43681 | Vaults:2 | Reached skill level 5 in Stealth
 44201 | Vaults:2 | Reached XP level 21. HP: 85/220 MP: 20/20
 44672 | Vaults:2 | Received a gift from Trog
 45149 | Vaults:3 | Reached skill level 5 in Dodging
 45152 | Vaults:3 | Identified the +12 battleaxe "Yveeteq" {antimagic, rElec}
                  | (Trog gifted it to you on level 3 of the Vaults)
 45152 | Vaults:3 | Received a gift from Trog
 45489 | Vaults:3 | Found a staircase to the Crypt.
 45600 | Vaults:3 | Identified the ring "Biot" {AC+4 Int+2}
 45717 | Vaults:3 | Identified the ring "Zoohir" {rF++ rC- rN+++ Will+}
 46583 | Vaults:4 | Reached skill level 27 in Fighting
 46705 | Vaults:4 | Paralysed by a great orb of eyes for 4 turns
 46871 | Vaults:4 | Received a gift from Trog
 47364 | Vaults:4 | Noticed Xtahua
 47371 | Vaults:4 | Killed Xtahua
 47885 | Vaults:5 | Entered Level 5 of the Vaults
 48170 | Vaults:5 | Noticed Margery
 48194 | Vaults:5 | Identified the ring "Juumietu" {rPois Int-4 Dex+5 SInv}
 48966 | Vaults:5 | Killed Margery
 48967 | Vaults:5 | Reached XP level 22. HP: 183/233 MP: 21/21
 48983 | Vaults:5 | HP: 2/233 [vault warden/+4 vampiric halberd (17)]
 48983 | Vaults:5 | Slain by a vault guard

Illustrated notes

Levels and vault maps discovered:
D:1:      evilmike_arrival_rings, layout_basic,
          hellmonk_ecumenical_altar_run_dry, minmay_misc_feat_plants,
          st_stairs_4
D:2:      kennysheep_big_flooded_room, layout_rooms, hex_intersection
D:3:      layout_loops_corners
D:4:      layout_basic, minmay_temple_entry_waves, serial_shops,
          kennysheep_little_box
D:5:      layout_basic, fedhas_altar_4, minmay_crossroads, uniq_edmund
D:6:      layout_basic, serial_glass, glass_columns_a, glass_columns_c,
          bh_walls_and_bars
D:7:      layout_loops_ring, grunt_temple_overflow_opulence,
          minmay_misc_feat_tiny, uniq_joseph
D:8:      layout_gridville, nicolae_uskayaw_dance_hall, serial_park_tiny_2
D:9:      layout_irregular_city
D:10:     cheibrodos_two_vegetables, layout_stronghold, cheibrodos_worm_habitat,
          kennysheep_mini, dpeg_oklobed_lair, nicolae_figureground_sparkle
D:11:     minmay_cornered_nines, layout_layer_cave, serial_shops,
          nicolae_shop_dealshenge, kennysheep_generic_room_4
D:12:     layout_gridville, serial_rivers, chequers_serial_rivers_micro_b,
          chequers_serial_rivers_small_b, chequers_serial_rivers_micro_d,
          chequers_serial_rivers_large_b, chequers_serial_rivers_micro_b,
          roderic_batcave, uniq_urug
D:13:     layout_loops_ring, david_vaults_4
D:14:     layout_rooms, serial_bayou_pond_e, serial_demonic, serial_demonic_f,
          serial_demonic_c, serial_demonic_f, serial_demonic_g,
          serial_demonic_c, serial_demonic_f, uniq_snorg
D:15:     hellmonk_depths_entry_around_the_bend, layout_irregular_city,
          vehumet_statue
Temple:   eino_temple_rhombus
Lair:1:   layout_concentric_octagons, portal_ice_cave_entry_ice_simulacra
Lair:2:   layout_regular_city, guppyfry_snake_entry_island
Lair:3:   layout_long_grid, elwin_shoals_entry_stream,
          grunt_forest_small_clearing_treed
Lair:4:   layout_loops_ring, st_stairs_11, chequers_serial_rivers_micro_c,
          uniq_josephine
Lair:5:   guppyfry_lair_end_dragon, layout_regular_city,
          hangedman_lair_in_review, minmay_slime_entry_oklob_enclosed,
          enter_volcano_2
Shoals:1: layout_shoals, uniq_nikola, uniq_roxanne
Shoals:2: layout_shoals
Shoals:3: layout_shoals, nicolae_shoals_hunting_party
Shoals:4: shoals_end_grunt_ice, layout_shoals, serial_shops,
          nicolae_shop_rolling_square
Snake:1:  layout_misc_corridors, serial_bayou_shore_b, uniq_aizul
Snake:2:  layout_layer_cave, nicolae_coiled_stairwell_down
Snake:3:  layout_gridlike, grunt_megastairs_2, minmay_shoptagon
Snake:4:  grunt_snake_rune_spirals, layout_concentric_octagons, basic_altar,
          uniq_mlioglotl, uniq_saint_roka
Orc:1:    layout_caves, hangedman_minor_magic, uniq_jorgrun, uniq_nergalle
Orc:2:    st_orc_mages, layout_caves, gammafunk_ghost_smash, basic_altar
Elf:1:    layout_rooms, minmay_elf_annihilation, roderic_lattice_octagonal_star,
          lemuel_upstairs_altar, uniq_kirke, uniq_frances
Elf:2:    elven_hall_of_blades_hangedman_original [nicolae_blade_bullseye],
          layout_loops_corners, uniq_asterion
Elf:3:    grunt_elf_hall_asides, layout_gridlike, serial_shops,
          nicolae_shop_advertising_works [nicolae_subvault_shop_adworks],
          grunt_megastairs_5
Vaults:1: door_vault, nicolae_vaults_apartment_2, v_misc_12,
          vaults_dpeg_encased_lava, nicolae_vaults_asterisk,
          nicolae_vaults_apartment_2, layout_vaults_omnigrid, serial_shops,
          nicolae_shop_just_a_little_nook, uniq_norris
Vaults:2: nicolae_vaults_spaceships, dpeg_vaults_pockets_of_resistance,
          ontoclasm_vaults_idyll, vaults_room_grid, vaults_mumra_hex,
          dpeg_vaults_monster_row, nicolae_vaults_shelves_hall,
          nicolae_vaults_wine_cellar, nicolae_vaults_trapezoid_4,
          nicolae_vaults_little_squares_3, nicolae_vaults_surprise_closet,
          nicolae_vaults_closet_pinwheel_1, layout_vaults_omnicross,
          serial_shops, nicolae_shop_real_fake_doors, uniq_frederick
Vaults:3: mu_enter_wizlab_1, minmay_crypt_entry_skeletal_spiral,
          nicolae_vaults_closet_pinwheel_3, hangedman_vaults_maws,
          nicolae_vaults_trapezoid_2, hangedman_vaults_impose,
          nicolae_vaults_little_squares_2, hangedman_vaults_nails,
          ontoclasm_vaults_ring_large, vaults_dpeg_hooks,
          hangedman_vaults_nails, nicolae_vaults_border_crossing,
          nicolae_vaults_antechamber_and_loot_room, vaults_room_door_ring,
          layout_vaults_ring
Vaults:4: nicolae_vaults_sesquioval_fish, v_alt_pattern_4, v_pattern_4,
          nicolae_vaults_little_squares_3, vaults_dpeg_cross,
          nicolae_vaults_security_offices_5, vaults_room_hallway,
          nicolae_vaults_sesquioval_fish, vaults_dpeg_ring, v_misc_26,
          vaults_mumra_minichess, vaults_room_pools, layout_vaults_chaotic_city,
          uniq_xtahua
Vaults:5: uniq_margery

Skill      XL: |  1  2  3  4  5  6  7  8  9 10 11 12 13 14 15 16 17 18 19 20 21 22 |
---------------+-------------------------------------------------------------------+-----
Fighting       | 4 5 6 7 8 10 11 14 16 18 19 20 22 23 25 27 | 27.0
Armour         | 4 5 6 7 9 10 12 13 14 15 17 18 20 22 23 24 | 24.9
Shields        | 4 5 6 |  6.7
Axes           | 3 4 6 8 10 12 14 17 19 20 21 22 24 25 26 27 | 27.0
Stealth        | 1 2 3 5 7 |  7.8
Evocations     | 1 |  1.6
Dodging        | 4 7 8 |  8.0

Action                     |  1- 3 |  4- 6 |  7- 9 | 10-12 | 13-15 | 16-18 | 19-21 | 22-24 || total
---------------------------+-------+-------+-------+-------+-------+-------+-------+-------++-------
  Melee: War axe           |    74 |    88 |   253 |    34 |       |       |       |       ||   449
         Headbutt          |     5 |    13 |    46 |    69 |   142 |   168 |   190 |     2 ||   635
         Battleaxe         |       |       |       |   334 |   744 |   198 |   790 |    11 ||  2077
         Executioner's axe |       |       |       |       |       |   681 |       |       ||   681
 Invoke: Berserk           |       |       |       |       |     7 |     6 |     7 |       ||    20
         Brothers in Arms  |       |       |       |       |     6 |     8 |     7 |       ||    21
         Trog's Hand       |       |       |       |       |       |     1 |       |       ||     1
  Evoke: Phantom mirror    |       |       |       |       |     3 |     1 |     1 |       ||     5
         Wand              |       |       |       |       |     1 |     5 |       |       ||     6
         Phial of floods   |       |       |       |       |       |       |     1 |       ||     1
    Use: Scroll            |       |    10 |     9 |     5 |    12 |     5 |     4 |     1 ||    46
         Potion            |       |       |       |     1 |     7 |    16 |     2 |     2 ||    28
   Stab: Invisible         |       |       |       |       |     3 |       |       |       ||     3
         Petrified         |       |       |       |       |     1 |       |       |       ||     1
         Distracted        |       |       |       |       |     1 |     1 |     2 |       ||     4
 Armour: Scale mail        |    49 |       |       |       |       |       |       |       ||    49
         Plate armour      |       |    78 |       |       |       |       |       |       ||    78
         Crystal plate arm |       |    20 |   202 |   477 |  1111 |  1285 |  1022 |    58 ||  4175
  Dodge: Dodged            |    29 |    27 |    44 |   132 |   277 |   406 |   371 |    17 ||  1303
         Repelled          |       |       |       |       |       |    11 |     5 |       ||    16
  Block: Buckler           |    16 |    26 |    36 |     6 |       |       |       |       ||    84

Table legend: (Time is in decaauts)
 A = Elapsed time spent in this place.
 B = Non-inter-level travel time spent in this place.
 C = Inter-level travel time spent in this place.
 D = Time resting spent in this place.
 E = Time spent auto-exploring this place.
 F = Levels seen in this place.
 G = Mean time per level.
                   A        B        C        D        E       F      G
               +--------+--------+--------+--------+--------+-----+--------+
         Total |  49327 |  45878 |   3449 |  11950 |  24528 |  42 | 1174.5 |
       Dungeon |  15530 |  14080 |   1450 |   1662 |   9875 |  15 | 1035.3 |
        Temple |     27 |      3 |     24 |      0 |      0 |   1 |   27.0 |
          Lair |   7280 |   6508 |    772 |   1786 |   3476 |   5 | 1456.0 |
        Shoals |   3888 |   3740 |    148 |   1164 |   1633 |   4 |  972.0 |
     Snake Pit |   7994 |   7850 |    144 |   3502 |   2918 |   4 | 1998.5 |
  Orcish Mines |   2688 |   2190 |    498 |    555 |    797 |   2 | 1344.0 |
   Elven Halls |   3808 |   3659 |    149 |    872 |   1898 |   3 | 1269.3 |
        Vaults |   7169 |   6906 |    263 |   2313 |   3557 |   5 | 1433.8 |
         Abyss |    739 |    739 |      0 |     90 |    332 |   2 |  369.5 |
      Ice Cave |    200 |    200 |      0 |      3 |     39 |   1 |  200.0 |
               +--------+--------+--------+--------+--------+-----+--------+

Top non-repeatable levels by time:
 Snake:4: 2820 daAuts
Vaults:4: 2458 daAuts
 Snake:3: 2184 daAuts
  Lair:5: 2031 daAuts
  Lair:3: 2024 daAuts
 Snake:2: 1906 daAuts
Vaults:2: 1903 daAuts
   Elf:2: 1808 daAuts
    D:10: 1799 daAuts
Shoals:4: 1729 daAuts
   Orc:1: 1533 daAuts
Vaults:3: 1442 daAuts
   Elf:3: 1422 daAuts
    D:13: 1411 daAuts
Vaults:1: 1294 daAuts
